[Event "Titled Tuesday Blitz July 4 Early 2023"]
[White "Perez Candelario, Manuel"]
[Black "Kopczynski, Michal"]
[WhiteFideId "2210622"]
[BlackFideId "1124200"]
[WhiteElo "2590"]
[BlackElo "2469"]
[Result "1-0"]
[Round "10"]
[TimeControl "180+2"]
[Date "2023.07.04"]
[WhiteClock "0:00:11"]
[BlackClock "0:00:16"]
[Board "70"]

1. e4 b6 2. d4 Bb7 3. Bd3 e6 4. Nf3 Nf6 5. Qe2 d5 6. e5 Nfd7 7. O-O c5 8. c3 Nc6 9. a3 Qc7 10. b4 c4 11. Bc2 O-O-O 12. a4 h6 13. Na3 Re8 14. Re1 f5 15. Nh4 a6 16. Ng6 Rg8 17. b5 Na5 18. bxa6 Bxa6 19. Nb5 Bxb5 20. axb5 Kb7 21. Nxf8 Rgxf8 22. Ba3 Rg8 23. Bd6 Qd8 24. Ra4 Qg5 25. Rea1 Ra8 26. Bb4 Nb3 27. Bxb3 cxb3 28. Ra6 Rxa6 29. bxa6+ Ka7 30. Qb2 Nb8 31. Qxb3 Nc6 32. Qa4 Rc8 33. h3 Qd2 34. Qb5 Qb2 35. Rf1 Qa2 36. Bd6 Qxa6 37. Qb2 Na5 38. Ra1 Kb7 39. Bb4 Nc4 40. Qb1 Qb5 41. Qa2 Kc6 42. Qa7 Rc7 43. Qa8+ Kd7 44. Qf8 Na5 45. Qxg7+ Kc6 46. Qg8 Kd7 47. Qf7+ Kc6 48. Qe8+ Kb7 49. Qxb5 1-0


[Site "https://www.chess.com"]

[Event "Titled Tuesday Blitz July 4 Early 2023"]
[White "Streltsov, Alexey"]
[Black "Vovk, Orest"]
[WhiteFideId "24104434"]
[BlackFideId "14113490"]
[WhiteElo "2460"]
[BlackElo "2589"]
[Result "1-0"]
[Round "10"]
[TimeControl "180+2"]
[Date "2023.07.04"]
[WhiteClock "0:00:53"]
[BlackClock "0:00:05"]
[Board "71"]

1. d4 h6 2. e4 g5 3. Nc3 Bg7 4. f4 c5 5. dxc5 Bxc3+ 6. bxc3 gxf4 7. Bxf4 Nc6 8. Bc4 Qa5 9. Ne2 Qxc5 10. Qd5 Qxd5 11. exd5 Na5 12. Bd3 d6 13. O-O Bd7 14. Rae1 O-O-O 15. Nd4 a6 16. c4 b6 17. Bd2 Nb7 18. Rxf7 Nc5 19. Bf5 Kc7 20. Bxd7 Kxd7 21. Nc6 Re8 22. Bc3 Nf6 23. Bxf6 Rhf8 24. Rexe7+ Rxe7 25. Rxe7+ Kc8 26. Bd4 Rf4 27. c3 Nd7 28. Re6 Kc7 29. Rxh6 Re4 30. Rh7 Re2 31. h4 Rxa2 32. h5 Ra1+ 33. Kh2 Rf1 34. Bxb6+ Kxb6 35. Rxd7 Kc5 36. h6 Rf6 37. h7 Rh6+ 38. Kg3 Kxc4 39. Kg4 Kxd5 40. Nd8 Rh1 41. Kg5 a5 42. Kg6 a4 43. Ra7 Rh4 44. Nf7 Rxh7 45. Kxh7 1-0


[Site "https://www.chess.com"]

[Event "Titled Tuesday Blitz July 4 Early 2023"]
[White "Marn, Jan"]
[Black "Janaszak, Dawid"]
[WhiteFideId "14619245"]
[BlackFideId "1119206"]
[WhiteElo "2460"]
[BlackElo "2588"]
[Result "0-1"]
[Round "10"]
[TimeControl "180+2"]
[Date "2023.07.04"]
[WhiteClock "0:00:02"]
[BlackClock "0:00:32"]
[Board "72"]

1. d4 d5 2. Nc3 Nc6 3. Bf4 e5 4. dxe5 d4 5. Ne4 Qd5 6. Nd2 Nxe5 7. Ngf3 Ng6 8. Bxc7 Nf6 9. g3 Bf5 10. Bg2 Qc5 11. Bf4 Bxc2 12. Qc1 Nxf4 13. gxf4 d3 14. O-O dxe2 15. Re1 O-O-O 16. Rxe2 Kb8 17. Ne5 Qc7 18. Ndc4 Rd1+ 19. Qxd1 Bxd1 20. Rxd1 Bc5 21. Rc2 Rd8 22. Rxd8+ Qxd8 23. Bf3 a6 24. a3 Qd4 25. Ne3 Bd6 26. Nxf7 Bxf4 27. Rc4 Qd7 28. Rxf4 Qxf7 29. Nd5 Qg6+ 30. Kf1 Nxd5 31. Bxd5 Qd3+ 0-1


[Site "https://www.chess.com"]

[Event "Titled Tuesday Blitz July 4 Early 2023"]
[White "Hoffmann, Asa"]
[Black "Ezat, Mohamed"]
[WhiteFideId "2001470"]
[BlackFideId "10600906"]
[WhiteElo "2446"]
[BlackElo "2580"]
[Result "0-1"]
[Round "10"]
[TimeControl "180+2"]
[Date "2023.07.04"]
[WhiteClock "0:00:14"]
[BlackClock "0:00:35"]
[Board "73"]

1. d4 Nf6 2. Bg5 d5 3. Nd2 Nbd7 4. e3 g6 5. f4 Bg7 6. Bd3 O-O 7. Ngf3 c5 8. c3 Qb6 9. Rb1 Ng4 10. Qe2 f6 11. Bh4 e5 12. h3 Nh6 13. fxe5 fxe5 14. Bc2 Nf5 15. Bxf5 Rxf5 16. O-O e4 17. Nh2 Nf8 18. g4 Rxf1+ 19. Rxf1 Be6 20. b3 Rc8 21. Qf2 cxd4 22. cxd4 Rc2 23. Bf6 Qc7 24. g5 Bxh3 25. Be5 Qe7 26. Bf6 Bxf6 27. gxf6 Qd6 28. Rd1 Kf7 29. Nxe4 dxe4 30. Qxc2 Qg3+ 31. Kh1 Qxe3 32. Qc4+ Ne6 33. d5 Nf4 34. d6+ Kf8 35. d7 Bg2# 0-1


[Site "https://www.chess.com"]

[Event "Titled Tuesday Blitz July 4 Early 2023"]
[White "Kim, Sergey"]
[Black "Ladan, Nicholas"]
[WhiteFideId "13700570"]
[BlackFideId "30918855"]
[WhiteElo "2580"]
[BlackElo "2459"]
[Result "1-0"]
[Round "10"]
[TimeControl "180+2"]
[Date "2023.07.04"]
[WhiteClock "0:01:24"]
[BlackClock "0:00:38"]
[Board "74"]

1. d4 d5 2. c4 e6 3. Nc3 Nf6 4. Nf3 c6 5. e3 Bd6 6. Bd3 O-O 7. O-O b6 8. e4 dxe4 9. Nxe4 Nxe4 10. Bxe4 f5 11. Bc2 Nd7 12. Re1 Qf6 13. Bg5 Qf7 14. Qd2 c5 15. Bf4 Bxf4 16. Qxf4 Bb7 17. Ng5 Qh5 18. Nxe6 Rf6 19. d5 Nf8 20. Qc7 Nxe6 21. Qxb7 Nf4 22. Qxa8+ Rf8 23. Qc6 Qg4 24. d6 Nh3+ 25. Kf1 Qxc4+ 26. Re2 f4 27. Bb3 1-0


[Site "https://www.chess.com"]

[Event "Titled Tuesday Blitz July 4 Early 2023"]
[White "Gontcharov, Vladislav"]
[Black "FromTexas54"]
[WhiteFideId "4123492"]
[WhiteElo "2572"]
[BlackElo "2433"]
[Result "1-0"]
[Round "10"]
[TimeControl "180+2"]
[Date "2023.07.04"]
[WhiteClock "0:01:06"]
[BlackClock "0:00:45"]
[Board "75"]

1. d4 Nf6 2. c4 g6 3. Nc3 Bg7 4. Nf3 d6 5. Bg5 O-O 6. e3 c5 7. Be2 cxd4 8. Nxd4 Nc6 9. O-O Nxd4 10. Qxd4 Be6 11. Qd2 Rc8 12. b3 a6 13. Rac1 Qa5 14. e4 b5 15. Nd5 Qd8 16. Bxf6 exf6 17. cxb5 axb5 18. Bxb5 f5 19. exf5 Rxc1 20. Rxc1 Bxf5 21. Bc4 Qh4 22. Re1 Be5 23. g3 Qh3 24. Bf1 Qh5 25. Rxe5 1-0


[Site "https://www.chess.com"]

[Event "Titled Tuesday Blitz July 4 Early 2023"]
[White "Glavina, Pablo"]
[Black "Tologon tegin, Semetei"]
[WhiteFideId "100234"]
[BlackFideId "13800574"]
[WhiteElo "2403"]
[BlackElo "2567"]
[Result "0-1"]
[Round "10"]
[TimeControl "180+2"]
[Date "2023.07.04"]
[WhiteClock "0:00:43"]
[BlackClock "0:01:29"]
[Board "76"]

1. c4 g6 2. d4 Bg7 3. Nf3 c5 4. e4 cxd4 5. Nxd4 Nc6 6. Be3 Nf6 7. Nc3 O-O 8. Be2 Nxd4 9. Bxd4 b6 10. O-O Bb7 11. f3 d6 12. Qd2 Nd7 13. Bxg7 Kxg7 14. f4 Rc8 15. b3 Qc7 16. Bg4 Rcd8 17. Bxd7 Rxd7 18. f5 Qc5+ 19. Kh1 Qe5 20. Rae1 Rc7 21. Rf3 f6 22. Rh3 g5 23. Qe2 Rh8 24. Qh5 Bc6 25. Qh6+ Kg8 26. Rg3 Rc8 27. Ree3 Kf7 28. h4 Rcg8 29. hxg5 fxg5 30. Rxg5 Rxg5 31. Qxg5 Rg8 32. Qh5+ Kf8 33. Qxh7 Rh8 0-1


[Site "https://www.chess.com"]

[Event "Titled Tuesday Blitz July 4 Early 2023"]
[White "Labussiere, Yago"]
[Black "Thecourseoisildur"]
[WhiteFideId "2186969"]
[WhiteElo "2398"]
[BlackElo "2557"]
[Result "1-0"]
[Round "10"]
[TimeControl "180+2"]
[Date "2023.07.04"]
[WhiteClock "0:00:51"]
[BlackClock "0:00:00"]
[Board "77"]

1. d4 Nf6 2. c4 g6 3. Nc3 d5 4. cxd5 Nxd5 5. e4 Nxc3 6. bxc3 Bg7 7. Bc4 c5 8. Ne2 O-O 9. O-O Nc6 10. Be3 Bg4 11. f3 Bd7 12. Rb1 Rc8 13. dxc5 Qc7 14. Qc2 Ne5 15. Bb3 b6 16. cxb6 axb6 17. Rfc1 b5 18. Bf2 Bh6 19. Rd1 b4 20. c4 Be6 21. c5 Bxb3 22. Rxb3 Rfd8 23. Rxb4 Rxd1+ 24. Qxd1 Rd8 25. Rd4 Rxd4 26. Qxd4 Bg7 27. Qd5 Qa5 28. h4 e6 29. Qb3 h5 30. Kh2 Qd2 31. Qe3 Qxa2 32. Bg3 Qc2 33. Ng1 Nd7 34. Bd6 Bf8 35. Bxf8 Kxf8 36. Nh3 Nxc5 37. Qh6+ Ke7 38. Ng5 Qc3 39. Qh7 Qe5+ 40. Kh3 Qf6 41. Qg8 Nd3 42. Qb8 Nf4+ 43. Kh2 Ne2 44. Qb4+ Kd8 45. Qd2+ Nd4 46. Nxf7+ Ke7 47. Ng5 Qe5+ 48. f4 Qd6 49. Qe3 Qc5 50. Qd3 Qd6 51. e5 Qd5 52. Qxg6 Qc4 53. Qf7+ Kd8 54. Qf6+ Kd7 55. Qf7+ Kc6 56. Qxh5 Kd5 57. Qg4 Kc5 58. h5 Qd3 59. h6 Qg6 60. h7 Qh6+ 61. Qh3 1-0


[Site "https://www.chess.com"]

[Event "Titled Tuesday Blitz July 4 Early 2023"]
[White "Mamedov, Edgar"]
[Black "Rosh Jain"]
[WhiteFideId "13739980"]
[BlackFideId "25789465"]
[WhiteElo "2556"]
[BlackElo "2376"]
[Result "1-0"]
[Round "10"]
[TimeControl "180+2"]
[Date "2023.07.04"]
[WhiteClock "0:00:18"]
[BlackClock "0:00:07"]
[Board "78"]

1. d4 Nf6 2. c4 e6 3. Nf3 d5 4. Nc3 c5 5. cxd5 Nxd5 6. g3 Nc6 7. Bg2 Be7 8. O-O O-O 9. Nxd5 exd5 10. dxc5 Bxc5 11. a3 a5 12. Bg5 f6 13. Bf4 Be6 14. Rc1 Qb6 15. Ne1 Rad8 16. Nd3 Bd4 17. b4 axb4 18. axb4 Bg4 19. h3 Bh5 20. g4 Bg6 21. Qb3 Kh8 22. b5 Na5 23. Qb4 Nc6 24. bxc6 bxc6 25. Qxb6 Bxb6 26. Rxc6 Bd4 27. Rd6 Rxd6 28. Bxd6 Re8 29. Bc5 Bxc5 30. Nxc5 Rxe2 31. Rd1 h5 32. Rxd5 hxg4 33. hxg4 Kh7 34. Nd7 Re1+ 35. Kh2 Bf7 36. Rd2 Re7 37. Nc5 Re5 38. Ne4 Bg6 39. Ng3 Rg5 40. f3 Ra5 41. f4 Ra4 42. Rf2 Bf7 43. Be4+ g6 44. g5 fxg5 45. fxg5 Kg7 46. Kh3 Ra5 47. Kh4 Be6 48. Rf6 Bf7 49. Rd6 Ra4 50. Rd7 Kg8 51. Rd8+ Kg7 52. Rd6 Be8 53. Kg4 Rc4 54. Kf4 Bf7 55. Rd7 Kg8 56. Ke3 Rc3+ 57. Kf4 Rc4 58. Ke5 Rc5+ 59. Bd5 Bxd5 60. Rxd5 Rc3 61. Ne4 Rf3 62. Rd6 Rf5+ 63. Kd4 Kg7 64. Rf6 Ra5 65. Rc6 Rf5 66. Ke3 Kg8 67. Rxg6+ Kf8 68. Rf6+ Rxf6 69. gxf6 Kf7 70. Kf4 Ke6 71. Kg5 Kf7 72. Kf5 Kf8 73. Ke6 Ke8 74. f7+ Kf8 75. Nf6 Kg7 76. Nd7 Kh7 77. f8=Q Kg6 78. Qf6+ Kh7 79. Qg5 Kh8 80. Kf7 Kh7 81. Qh4# 1-0


[Site "https://www.chess.com"]

[Event "Titled Tuesday Blitz July 4 Early 2023"]
[White "Rodchenkov, Sergey D."]
[Black "Slovineanu, Viacheslav"]
[WhiteFideId "4168712"]
[BlackFideId "13900510"]
[WhiteElo "2555"]
[BlackElo "2345"]
[Result "0-1"]
[Round "10"]
[TimeControl "180+2"]
[Date "2023.07.04"]
[WhiteClock "0:00:03"]
[BlackClock "0:00:33"]
[Board "79"]

1. e4 c6 2. d4 d5 3. exd5 cxd5 4. Bd3 Nc6 5. c3 Nf6 6. h3 g6 7. Nf3 Bf5 8. Ne5 Bxd3 9. Nxd3 e6 10. O-O Bd6 11. Bh6 Rg8 12. Bg5 h6 13. Bxh6 g5 14. f4 Ne4 15. Nd2 Rg6 16. fxg5 Nxg5 17. Bxg5 Qxg5 18. Qe2 O-O-O 19. Rf3 Rdg8 20. Ne1 Ne7 21. Rxf7 Nf5 22. Ndf3 Qh5 23. c4 Nh4 24. Nxh4 Qxe2 0-1


[Site "https://www.chess.com"]

[Event "Titled Tuesday Blitz July 4 Early 2023"]
[White "Samarth J Rao"]
[Black "Namitbir Singh Walia"]
[WhiteFideId "46652370"]
[BlackFideId "35071068"]
[WhiteElo "2285"]
[BlackElo "2543"]
[Result "1-0"]
[Round "10"]
[TimeControl "180+2"]
[Date "2023.07.04"]
[WhiteClock "0:01:12"]
[BlackClock "0:00:13"]
[Board "80"]

1. Nf3 Nf6 2. d4 d5 3. e3 g6 4. Bd3 Bg7 5. O-O O-O 6. Nbd2 Bf5 7. Qe2 Ne4 8. Nh4 e6 9. Nxf5 gxf5 10. f3 Nxd2 11. Bxd2 Kh8 12. c3 c5 13. Kh1 Nd7 14. e4 fxe4 15. fxe4 cxd4 16. exd5 Nc5 17. dxe6 fxe6 18. Bxh7 Kxh7 19. Qh5+ Kg8 20. Qxc5 Rxf1+ 21. Rxf1 Rc8 22. Qh5 dxc3 23. Qf7+ Kh8 24. Qh5+ Kg8 25. Qf7+ Kh8 26. Bxc3 Bxc3 27. Qh5+ Kg8 28. Qf7+ Kh8 29. bxc3 Rxc3 30. Qh5+ Kg8 31. Qf7+ Kh8 32. Qh5+ Kg8 33. Qg6+ Kh8 34. Qh6+ Kg8 35. Qxe6+ Kh7 36. Rf7+ Kh8 37. Qe5+ Kg8 38. Qg7# 1-0


[Site "https://www.chess.com"]

[Event "Titled Tuesday Blitz July 4 Early 2023"]
[White "Kovalevsky, Stanislav"]
[Black "Matinian, Nikita"]
[WhiteFideId "13508598"]
[BlackFideId "24129100"]
[WhiteElo "2485"]
[BlackElo "2688"]
[Result "0-1"]
[Round "10"]
[TimeControl "180+2"]
[Date "2023.07.04"]
[WhiteClock "0:00:37"]
[BlackClock "0:00:50"]
[Board "81"]

1. c4 g6 2. Nc3 Bg7 3. g3 e5 4. Bg2 Nc6 5. h4 Nf6 6. d3 O-O 7. Bg5 Nd4 8. h5 h6 9. Bxf6 Qxf6 10. hxg6 fxg6 11. Nf3 c6 12. Qd2 d6 13. O-O-O Bf5 14. Nxd4 exd4 15. Ne4 Qe7 16. f4 d5 17. cxd5 cxd5 18. Nf2 Be6 19. Kb1 a5 20. g4 a4 21. Rdf1 a3 22. b3 Rac8 23. f5 gxf5 24. gxf5 Rxf5 25. Bf3 Rg5 26. Nh3 Bxh3 27. Rxh3 Qc5 28. Rh5 Qc3 29. Qxc3 dxc3 30. Bxd5+ Rxd5 31. Rxd5 c2+ 32. Kc1 Bb2+ 33. Kd2 c1=Q+ 34. Rxc1 Rxc1 35. Rb5 Ra1 36. Rxb7 Rxa2 37. b4 Bd4+ 38. Kd1 Rb2 39. Rb8+ Kg7 40. Ra8 a2 41. e3 Rb1+ 42. Kc2 a1=Q 43. Rxa1 Rxa1 44. exd4 h5 45. b5 Ra8 46. d5 h4 47. Kc3 h3 48. Kc4 Rb8 49. d6 h2 50. b6 h1=Q 51. d7 Qc6+ 0-1


[Site "https://www.chess.com"]

[Event "Titled Tuesday Blitz July 4 Early 2023"]
[White "chess123456s"]
[Black "Fiedorek, Michal"]
[BlackFideId "1199528"]
[WhiteElo "2617"]
[BlackElo "2477"]
[Result "1-0"]
[Round "10"]
[TimeControl "180+2"]
[Date "2023.07.04"]
[WhiteClock "0:00:14"]
[BlackClock "0:00:00"]
[Board "82"]

1. d4 Nf6 2. Nc3 d5 3. Bf4 c6 4. e3 g6 5. h4 h5 6. Nf3 Bg7 7. Ne5 Nbd7 8. Be2 Nxe5 9. Bxe5 O-O 10. f3 Qb6 11. a3 a5 12. g4 a4 13. Rb1 Be6 14. Kf2 c5 15. Rg1 hxg4 16. fxg4 cxd4 17. exd4 Ne4+ 18. Nxe4 Bxe5 19. Nc5 Rac8 20. c3 Rxc5 21. dxc5 Qxc5+ 22. Kg2 Qe3 23. Qe1 Qf4 24. Qf2 Qh2+ 25. Kf1 Qh3+ 26. Ke1 Bf6 27. g5 Be5 28. Bf1 Bxc3+ 29. bxc3 Qxc3+ 30. Kd1 Bf5 31. Rc1 Qb3+ 32. Ke1 Qxa3 33. Qd2 Qb3 34. h5 gxh5 35. Be2 Bg6 36. Rh1 a3 37. Kf2 a2 38. Bxh5 Qb6+ 39. Kg2 d4 40. Bxg6 Qxg6 41. Qxd4 Qxg5+ 42. Kf2 Qf5+ 43. Ke2 Qb5+ 44. Ke1 Qa5+ 45. Kf1 Qf5+ 46. Kg2 Qg5+ 47. Kf3 Qf5+ 48. Qf4 Qd5+ 49. Kg3 f6 50. Qg4+ Kf7 51. Rh7+ Ke8 52. Rc8+ 1-0


[Site "https://www.chess.com"]

[Event "Titled Tuesday Blitz July 4 Early 2023"]
[White "Sadykov, Ramil"]
[Black "Heinemann, Josefine"]
[WhiteFideId "24113590"]
[BlackFideId "12900460"]
[WhiteElo "2598"]
[BlackElo "2473"]
[Result "1/2-1/2"]
[Round "10"]
[TimeControl "180+2"]
[Date "2023.07.04"]
[WhiteClock "0:00:27"]
[BlackClock "0:00:19"]
[Board "83"]

1. d4 d5 2. c4 c6 3. Nf3 Nf6 4. g3 g6 5. Bg2 Bg7 6. O-O O-O 7. Nc3 dxc4 8. Ne5 Ng4 9. Nxg4 Bxg4 10. h3 Be6 11. e3 b5 12. Nxb5 Bd5 13. Nc3 Bxg2 14. Kxg2 Nd7 15. Qa4 c5 16. dxc5 Nxc5 17. Qxc4 Rc8 18. Rd1 Qb6 19. Nd5 Qb7 20. Kg1 Rfd8 21. Nc3 Rxd1+ 22. Nxd1 Ne4 23. Qb3 Qc6 24. h4 g5 25. h5 g4 26. Kf1 Ng5 27. Bd2 Qh1+ 28. Ke2 Qf3+ 29. Ke1 Ne4 30. Qd3 Qh1+ 31. Ke2 Qg2 32. Ke1 Qh1+ 33. Ke2 Qf3+ 34. Ke1 Qh1+ 1/2-1/2


[Site "https://www.chess.com"]

[Event "Titled Tuesday Blitz July 4 Early 2023"]
[White "Ai, Evan"]
[Black "Skliarov, Viktor"]
[WhiteFideId "2094770"]
[BlackFideId "14106736"]
[WhiteElo "2454"]
[BlackElo "2596"]
[Result "1/2-1/2"]
[Round "10"]
[TimeControl "180+2"]
[Date "2023.07.04"]
[WhiteClock "0:01:28"]
[BlackClock "0:00:18"]
[Board "84"]

1. d4 Nf6 2. Nf3 g6 3. g3 Bg7 4. Bg2 O-O 5. O-O c6 6. c4 d5 7. cxd5 cxd5 8. Nc3 Ne4 9. Bf4 Nxc3 10. bxc3 Nc6 11. Nd2 e5 12. dxe5 Nxe5 13. Rc1 Be6 14. Nb3 Nc6 15. Nc5 Qa5 16. Nxb7 Qxa2 17. Nc5 Qc4 18. Nxe6 fxe6 19. Qd3 Qxd3 20. exd3 a5 21. c4 Nb4 22. Bd6 Rfd8 23. Bxb4 axb4 24. cxd5 exd5 25. Rc5 Rab8 26. Bxd5+ Kf8 27. Bc4 b3 28. Rb1 b2 29. Kf1 Rdc8 30. Rxc8+ Rxc8 31. Ke2 Ra8 32. Kd2 Ra1 33. Kc2 Bd4 34. f3 h6 35. h3 Ke7 36. Bd5 g5 37. Be4 Kf6 1/2-1/2


[Site "https://www.chess.com"]

[Event "Titled Tuesday Blitz July 4 Early 2023"]
[White "Czerw, Dawid"]
[Black "Omariev, Maksim"]
[WhiteFideId "1145746"]
[BlackFideId "4193423"]
[WhiteElo "2581"]
[BlackElo "2444"]
[Result "1-0"]
[Round "10"]
[TimeControl "180+2"]
[Date "2023.07.04"]
[WhiteClock "0:02:02"]
[BlackClock "0:00:25"]
[Board "85"]

1. e4 c5 2. Nf3 d6 3. d4 cxd4 4. Nxd4 Nf6 5. Nc3 a6 6. h4 b5 7. Nd5 Nbd7 8. Nc6 Nxd5 9. Nxd8 Nb4 10. a3 Nxc2+ 11. Qxc2 Kxd8 12. Bd2 Bb7 13. Ba5+ Ke8 14. Qc7 Bxe4 15. Rc1 e6 16. Qc8+ Rxc8 17. Rxc8+ Ke7 18. Bd8+ Ke8 19. Bf6# 1-0


[Site "https://www.chess.com"]

[Event "Titled Tuesday Blitz July 4 Early 2023"]
[White "Asavasaetakul, Chawit"]
[Black "Ahn, Hongjin"]
[WhiteFideId "6204856"]
[BlackFideId "13201492"]
[WhiteElo "2566"]
[BlackElo "2389"]
[Result "1-0"]
[Round "10"]
[TimeControl "180+2"]
[Date "2023.07.04"]
[WhiteClock "0:02:01"]
[BlackClock "0:01:36"]
[Board "86"]

1. e4 c5 2. c3 Nc6 3. d4 cxd4 4. cxd4 d5 5. exd5 Qxd5 6. Nf3 Bg4 7. Nc3 Qh5 8. d5 Ne5 9. Bb5+ Bd7 10. Be2 Nf6 11. O-O e6 12. dxe6 fxe6 13. Bf4 Ng6 14. Ne5 Qf5 15. Nxd7 Nxd7 16. Bb5 Rd8 17. Bc7 Ne5 18. Bxd8 Kxd8 19. Re1 Bc5 20. Rxe5 Qxf2+ 21. Kh1 1-0


[Site "https://www.chess.com"]

[Event "Titled Tuesday Blitz July 4 Early 2023"]
[White "Petrova, Irina"]
[Black "Terletsky, Oleg"]
[WhiteFideId "14124122"]
[BlackFideId "14116774"]
[WhiteElo "2379"]
[BlackElo "2541"]
[Result "0-1"]
[Round "10"]
[TimeControl "180+2"]
[Date "2023.07.04"]
[WhiteClock "0:01:46"]
[BlackClock "0:00:56"]
[Board "87"]

1. e4 e5 2. Nf3 Nc6 3. Bc4 Nf6 4. Ng5 d5 5. exd5 Na5 6. Bb5+ c6 7. dxc6 bxc6 8. Qf3 Be7 9. O-O O-O 10. Bd3 h6 11. Ne4 Nd5 12. Nec3 f5 13. Nxd5 cxd5 14. Qh5 e4 15. Bb5 f4 16. b4 Rf5 17. Qg6 Rg5 18. Qe8+ Qxe8 19. Bxe8 Bh3 20. bxa5 Bxg2 21. Bc6 Bf3# 0-1


[Site "https://www.chess.com"]

[Event "Titled Tuesday Blitz July 4 Early 2023"]
[White "Jovic, Stanoje"]
[Black "MAHanif"]
[WhiteFideId "905020"]
[WhiteElo "2537"]
[BlackElo "2378"]
[Result "1-0"]
[Round "10"]
[TimeControl "180+2"]
[Date "2023.07.04"]
[WhiteClock "0:00:29"]
[BlackClock "0:00:11"]
[Board "88"]

1. c4 Nf6 2. g3 g6 3. Bg2 Bg7 4. Nc3 c6 5. Nf3 O-O 6. O-O d6 7. d3 Nbd7 8. Rb1 Re8 9. b4 Nf8 10. a4 e5 11. e4 Ne6 12. h3 Nd4 13. Nxd4 exd4 14. Ne2 c5 15. bxc5 dxc5 16. f4 Rb8 17. e5 Nd7 18. Bd2 b6 19. a5 Bb7 20. g4 Bxg2 21. Kxg2 f6 22. Ng3 fxe5 23. f5 Nf6 24. Bg5 Qd6 25. Bxf6 Qxf6 26. fxg6 Qxg6 27. Qf3 Kh8 28. axb6 Rxb6 29. Ne4 Rf8 30. Qe2 Rxb1 31. Rxb1 Rc8 32. Rb5 a6 33. Rxc5 Rxc5 34. Nxc5 Qc6+ 35. Ne4 a5 36. Qb2 Qa8 37. c5 a4 38. c6 a3 39. Qb7 Qg8 40. c7 a2 41. Qa7 h6 42. Kg3 Qf8 43. Qxa2 Qf1 44. c8=Q+ 1-0


[Site "https://www.chess.com"]

[Event "Titled Tuesday Blitz July 4 Early 2023"]
[White "Fonseca Manrique, Enrique"]
[Black "Toolin, Christopher"]
[WhiteFideId "5114330"]
[BlackFideId "2024543"]
[WhiteElo "2536"]
[BlackElo "2369"]
[Result "0-1"]
[Round "10"]
[TimeControl "180+2"]
[Date "2023.07.04"]
[WhiteClock "0:01:52"]
[BlackClock "0:01:53"]
[Board "89"]

1. e4 c5 2. Nc3 Nc6 3. f4 e6 4. Nf3 d6 5. Bb5 Ne7 6. O-O g6 7. d3 Bg7 8. Qe1 O-O 9. Bxc6 Nxc6 10. Be3 Nd4 11. Qf2 Nxf3+ 12. Qxf3 b5 13. Nxb5 Rb8 14. Na3 Bxb2 15. Rab1 Ba6 16. Rxb2 Rxb2 17. f5 exf5 18. exf5 Bb7 0-1


[Site "https://www.chess.com"]

[Event "Titled Tuesday Blitz July 4 Early 2023"]
[White "Rian, Kapriaga"]
[Black "lagarto93"]
[WhiteFideId "7103263"]
[WhiteElo "2374"]
[BlackElo "2534"]
[Result "1-0"]
[Round "10"]
[TimeControl "180+2"]
[Date "2023.07.04"]
[WhiteClock "0:00:30"]
[BlackClock "0:00:58"]
[Board "90"]

1. d4 e6 2. Nf3 Nf6 3. e3 b6 4. Bd3 Bb7 5. O-O d5 6. c4 Bd6 7. b3 O-O 8. Bb2 c5 9. dxc5 bxc5 10. Nbd2 Nc6 11. cxd5 exd5 12. Rc1 Re8 13. Bb1 d4 14. exd4 Nxd4 15. Nxd4 cxd4 16. Rc4 Ba6 17. Rxd4 Bxf1 18. Nxf1 Re6 19. Bf5 Qb6 20. Bxe6 Bc5 21. Bc4 Bxd4 22. Qxd4 Qc6 23. Qf4 Rd8 24. Bxf6 gxf6 25. h4 Kg7 26. h5 h6 27. Qg4+ Kf8 28. Qf4 Kg7 29. Ng3 Kh7 30. Nf5 1-0


[Site "https://www.chess.com"]

[Event "Titled Tuesday Blitz July 4 Early 2023"]
[White "robertoalejandro10"]
[Black "Todorovic, Bojan"]
[BlackFideId "917087"]
[WhiteElo "2531"]
[BlackElo "2366"]
[Result "1-0"]
[Round "10"]
[TimeControl "180+2"]
[Date "2023.07.04"]
[WhiteClock "0:00:02"]
[BlackClock "0:00:00"]
[Board "91"]

1. Nf3 g6 2. c4 Bg7 3. g3 Nf6 4. Bg2 O-O 5. O-O d6 6. Nc3 c6 7. b3 a6 8. Bb2 b5 9. cxb5 axb5 10. Nd4 Ra6 11. Qc1 b4 12. Ne4 Nxe4 13. Bxe4 c5 14. Nc2 Bxb2 15. Qxb2 Nc6 16. Rfd1 Qb6 17. Ne3 Be6 18. Bd5 Nd4 19. Bxe6 fxe6 20. Re1 Rfa8 21. Nc2 e5 22. Nxd4 exd4 23. e3 e5 24. exd4 cxd4 25. Qc2 Qc6 26. Qb2 R8a7 27. Rec1 Qa8 28. Qc2 Rxa2 29. Rxa2 Rxa2 30. Qc4+ Kg7 31. Qc7+ Kh6 32. Qxd6 Qf3 33. Qxb4 Rb2 34. h4 Rxb3 35. Qe7 Qf5 36. Qd6 Rb2 37. Rd1 Rc2 38. Qd8 e4 39. Re1 1-0


[Site "https://www.chess.com"]

[Event "Titled Tuesday Blitz July 4 Early 2023"]
[White "Hajiyev, Kanan"]
[Black "Prieto Aranguren, Alain"]
[WhiteFideId "13404148"]
[BlackFideId "2268906"]
[WhiteElo "2528"]
[BlackElo "2361"]
[Result "0-1"]
[Round "10"]
[TimeControl "180+2"]
[Date "2023.07.04"]
[WhiteClock "0:00:02"]
[BlackClock "0:00:29"]
[Board "92"]

1. d4 g6 2. c4 Bg7 3. Nf3 d6 4. g3 Nd7 5. Bg2 e5 6. O-O Ne7 7. dxe5 dxe5 8. Nc3 O-O 9. Nd5 c6 10. Nxe7+ Qxe7 11. Bg5 Qe6 12. Qc2 Nc5 13. Rfd1 Qf5 14. Qxf5 Bxf5 15. Be7 Na4 16. Bxf8 Kxf8 17. Rd2 c5 18. Nh4 Be6 19. Bd5 Bxd5 20. cxd5 Ke7 21. e4 Kd6 22. Rc1 b5 23. Nf3 Bh6 24. Rdc2 Bxc1 25. Rxc1 Nxb2 26. Ng5 f6 27. Nxh7 Nd3 28. Rd1 c4 29. Nxf6 Rc8 30. a3 c3 31. Ne8+ Kd7 32. Nf6+ Ke7 33. d6+ Kxf6 34. d7 c2 35. dxc8=Q cxd1=Q+ 36. Kg2 Ne1+ 37. Kf1 Nf3+ 38. Kg2 Nd4 39. Qf8+ Ke6 40. Qe8+ Kd6 41. Qxg6+ Kc5 42. Qg5 Qf3+ 43. Kh3 Qxe4 44. Qc1+ Kb6 45. Qb2 Nf3 46. Qb4 Ng1# 0-1


[Site "https://www.chess.com"]

[Event "Titled Tuesday Blitz July 4 Early 2023"]
[White "Vyatkin, Dmitry"]
[Black "Andreassen, Lars"]
[WhiteFideId "4171900"]
[BlackFideId "1504878"]
[WhiteElo "2522"]
[BlackElo "2275"]
[Result "1/2-1/2"]
[Round "10"]
[TimeControl "180+2"]
[Date "2023.07.04"]
[WhiteClock "0:00:04"]
[BlackClock "0:00:56"]
[Board "93"]

1. d4 d5 2. c4 e6 3. Nf3 c5 4. cxd5 cxd4 5. Qxd4 exd5 6. Nc3 Nf6 7. e4 dxe4 8. Qxd8+ Kxd8 9. Ng5 Be6 10. Nxe6+ fxe6 11. Bc4 Nc6 12. Be3 Bb4 13. Bxe6 Ke7 14. Bb3 Rad8 15. O-O Nd4 16. Rfe1 Nxb3 17. axb3 a6 18. Bg5 Bxc3 19. bxc3 Rd3 20. Rxe4+ Kf7 21. Bxf6 Kxf6 22. Rc4 Rhd8 23. g3 R8d7 24. h4 h6 25. Re1 Rd2 26. h5 R7d5 27. Rc7 Rd7 28. Rc4 R7d5 29. Rc7 Rd7 30. Rxd7 Rxd7 31. Re3 Rd2 32. b4 b6 33. Kg2 Rc2 34. g4 a5 35. bxa5 bxa5 36. Kg3 a4 37. f3 a3 38. c4 a2 39. Ra3 Ke5 40. c5 Kd5 41. Kf4 Kxc5 42. Kf5 Kb4 43. Ra8 Kb3 44. Kg6 Rc7 45. f4 Kb2 46. g5 hxg5 47. fxg5 a1=Q 48. Rxa1 Kxa1 49. h6 gxh6 50. gxh6 Kb2 51. h7 Rxh7 52. Kxh7 1/2-1/2


[Site "https://www.chess.com"]

[Event "Titled Tuesday Blitz July 4 Early 2023"]
[White "musclemonster12"]
[Black "Kovacevic, Radmila"]
[BlackFideId "933171"]
[WhiteElo "2509"]
[BlackElo "2251"]
[Result "1-0"]
[Round "10"]
[TimeControl "180+2"]
[Date "2023.07.04"]
[WhiteClock "0:02:10"]
[BlackClock "0:00:09"]
[Board "94"]

1. Nf3 Nf6 2. c4 c5 3. Nc3 Nc6 4. e3 e5 5. d4 cxd4 6. exd4 e4 7. Ng5 Bb4 8. d5 Ne5 9. Bf4 Ng6 10. Be3 h6 11. Nh3 Qa5 12. Qd2 Ng4 13. Be2 N4e5 14. Bd4 d6 15. O-O Bxh3 16. gxh3 f5 17. a3 Bxc3 18. Bxc3 Qc7 19. f4 Nxc4 20. Qd4 Nb6 21. Bh5 Qf7 22. Kh1 Nd7 23. Rg1 Ndf8 24. Rxg6 Nxg6 25. Rg1 O-O-O 26. Bxg6 Qf8 27. Qxa7 Rg8 28. Ba5 Kd7 1-0


[Site "https://www.chess.com"]